 Dungeon Crawl Stone Soup version 0.30-a0-374-g95c0257040 (webtiles) character file.

Game seed: 16931585359141291289

545801 themarg the Cryomancer (level 24, 0/206 HPs)
             Began as a Grey Draconian Conjurer on Nov 24, 2022.
             Was the Champion of Vehumet.
             Killed from afar by a swamp dragon (7 damage)
             ... with a blast of poison
             ... on level 4 of the Abyss on Nov 26, 2022.
             The game lasted 07:25:07 (85553 turns).

themarg the Cryomancer (Grey Draconian Conjurer)   Turns: 85553, Time: 07:25:07

Health: 0/206      AC: 31    Str:  9      XL:     24   Next: 89%
Magic:  14/47      EV: 18    Int: 27 (28) God:    Vehumet [******]
Gold:   3930       SH: 18    Dex: 14      Spells: 3/63 levels left

rFire   x . .      SeeInvis +    b - +9 staff of Wucad Mu {*channel}
rCold   . . .      Faith    .    p - +6 kite shield "Mukhlef" {rElec Will+}
rNeg    . . .      Spirit   .    (body armour unavailable)
rPois   .          Reflect  .    o - +2 hat
rElec   +          Harm     .    h - +4 cloak of Dawn {+Inv Fly Int+3}
rCorr   +          Rampage  .    t - +2 pair of gloves
Will    +++..                    k - +3 pair of mountain boots {steadfast, rC+}
Stlth   ++........               I - amulet of regeneration
HPRegen 1.34/turn                R - ring "Sussy" {Drain Will+ rCorr EV+4}
MPRegen 0.30/turn                a - ring of see invisible

@: lethally poisoned (0 -> -24), flying, studying 3 skills
A: AC +17, amphibious, unfitting armour, cold-blooded, (teleportitis 1), weak 1,
cold vulnerability 1, heat vulnerability 1
}: 3/15 runes: barnacled, slimy, gossamer
a: Renounce Religion, Evoke Invisibility


You were on level 4 of the Abyss.
You worshipped Vehumet.
Vehumet was exalted by your worship.
You visited 10 branches of the dungeon, and saw 47 of its levels.
You visited the Abyss 3 times.
You also visited: Wizlab.

You collected 6756 gold pieces.
You spent 2826 gold pieces at shops.

Inventory:

Hand Weapons
 b - the +9 staff of Wucad Mu (weapon) {*channel}
   (You found it on level 1 of the Elven Halls)

   It occasionally powers its wielder's spells, but with a chance of causing
   confusion or draining the wielder's intelligence.
   It becomes more likely to activate and less likely to backfire with increased
   Evocations skill.
Missiles
 u - 5 boomerangs of dispersal
 v - 7 throwing nets
 G - 3 curare-tipped darts (quivered)
Armour
 h - the +4 cloak of Dawn (worn) {+Inv Fly Int+3}
   (You found it on level 3 of the Elven Halls)

   Int:       It affects your intelligence (+3).
   +Inv:      It lets you turn invisible.
   Fly:       It grants you flight.
 k - the +3 pair of mountain boots (worn) {steadfast, rC+}
   (You found it on level 4 of the Spider Nest)

   It prevents involuntary movement, except for blinking, teleportation, or
   banishment.
   rC:        It protects you from cold.
 o - a +2 hat (worn)
 p - the +6 kite shield "Mukhlef" (worn) {rElec Will+}
   (You took it off Asterion on level 1 of the Elven Halls)

   rElec:     It insulates you from electricity.
   Will:      It increases your willpower.
 t - a +2 pair of gloves (worn)
Jewellery
 a - a ring of see invisible (right hand)
 c - a ring of magical power
 I - an amulet of regeneration (around neck)
 L - a ring of wizardry
 R - the ring "Sussy" (left hand) {Drain Will+ rCorr EV+4}
   (You found it on level 9 of the Dungeon)

   [ring of evasion]

   EV:        It affects your evasion (+4).
   rCorr:     It protects you from acid and corrosion.
   Drain:     It drains your maximum health when unequipped.
   Will:      It increases your willpower.
 Y - a ring of protection from fire
Wands
 q - a wand of mindburst (3)
 w - a wand of digging (8)
 O - a wand of paralysis (38)
 S - a wand of acid (9)
 T - a wand of iceblast (6)
 W - a wand of polymorph (15)
Scrolls
 e - 6 scrolls of vulnerability
 f - 6 scrolls of magic mapping
 l - 6 scrolls of teleportation
 y - 9 scrolls of torment
 z - 4 scrolls of silence
 A - 4 scrolls of immolation
 D - 8 scrolls of amnesia
 K - 8 scrolls of fear
 M - 6 scrolls of fog
 Q - a scroll of enchant armour
 V - 8 scrolls of poison
Potions
 d - 16 potions of mutation
 g - 24 potions of curing
 j - 7 potions of ambrosia
 m - 7 potions of lignification
 r - a potion of invisibility
 s - 4 potions of haste
 E - 7 potions of resistance
 F - a potion of heal wounds
 H - 7 potions of might
 J - 5 potions of magic
 N - 11 potions of flight
 P - a potion of cancellation
 Z - 10 potions of brilliance
Miscellaneous
 i - a phial of floods
 x - a tin of tremorstones (2/2)
 B - a phantom mirror
 C - a lightning rod (4/4)
 U - a box of beasts
 X - a condenser vane


   Skills:
 - Level 15.0 Fighting
 - Level 6.5 Dodging
 - Level 3.0 Stealth
 - Level 13.0 Shields
 - Level 20.0 Spellcasting
 - Level 15.0 Conjurations
 - Level 7.6 Hexes
 - Level 10.0 Summonings
 - Level 5.0 Necromancy
 - Level 3.0 Translocations
 * Level 21.0 Ice Magic
 - Level 15.0 Earth Magic
 + Level 17.9 Evocations


You had 3 spell levels left.
You knew the following spells:

 Your Spells              Type           Power      Damage    Failure   Level
a - Magic Dart            Conj           100%       1d8       0%          1
b - Searing Ray           Conj           100%       2d8       0%          2
c - Fulminant Prism       Conj/Hex       36%        3d18      1%          4
d - Iskenderun's Mystic   Conj/Tloc      66%        2d14      1%          4
e - Iskenderun's Battles  Conj           82%        2d13      1%          5
f - Iron Shot             Conj/Erth      41%        9d8       1%          6
g - Yara's Violent Unrav  Hex/Tmut       23%        3d10      4%          5
h - Spellforged Servitor  Conj/Summ      38%        N/A       4%          7
i - Irradiate             Conj/Tmut      30%        3d21      1%          5
j - Lehudib's Crystal Sp  Conj/Erth      41%        10d10     11%         8
k - Dispel Undead         Necr           52%        3d19      3%          4
l - Polar Vortex          Ice            48%        N/A       13%         9

Your spell library contained the following spells:

 Spells                   Type           Power      Damage    Failure   Level
 Fire Storm               Conj/Fire      30%        8d8       100%        9
 Freeze                   Ice            100%       1d10      0%          1
 Ensorcelled Hibernation  Hex/Ice        100%       N/A       0%          2
 Frozen Ramparts          Ice            100%       1d16      0%          3
 Hailstorm                Conj/Ice       90%        3d18      0%          3
 Apportation              Tloc           86%        N/A       1%          1
 Foxfire                  Conj/Fire      100%       2x1d9     1%          1
 Kiss of Death            Conj/Necr      100%       2d13      1%          1
 Necrotise                Necr           100%       1d9       1%          1
 Shock                    Conj/Air       100%       1d9       1%          1
 Summon Small Mammal      Summ           100%       N/A       1%          1
 Call Imp                 Summ           69%        N/A       1%          2
 Poisonous Vapours        Pois/Air       54%        N/A       1%          2
 Scorch                   Fire           54%        2d7       1%          2
 Static Discharge         Conj/Air       100%       2-7/arc   1%          2
 Call Canine Familiar     Summ           69%        N/A       1%          3
 Confusing Touch          Hex            62%        N/A       1%          3
 Dazzling Flash           Conj/Hex       100%       N/A       1%          3
 Inner Flame              Hex/Fire       47%        N/A       1%          3
 Mephitic Cloud           Conj/Pois/Air  52%        N/A       1%          3
 Portal Projectile        Hex/Tloc       100%       N/A       1%          3
 Summon Guardian Golem    Hex/Summ       65%        N/A       1%          3
 Tukima's Dance           Hex            62%        N/A       1%          3
 Vampiric Draining        Necr           52%        2d9       1%          3
 Cigotuvi's Dreadful Rot  Necr/Pois/Air  70%        N/A       2%          2
 Lesser Beckoning         Tloc           86%        N/A       2%          3
 Vhi's Electric Charge    Tloc/Air       70%        N/A       4%          3
 Spider Form              Tmut/Pois      27%        N/A       9%          3
 Swiftness                Air            27%        N/A       9%          3
 Cause Fear               Hex            31%        N/A       1%          4
 Flame Wave               Conj/Fire      61%        2d14      1%          4
 Ice Form                 Ice/Tmut       71%        N/A       1%          4
 Leda's Liquefaction      Hex/Erth       36%        N/A       1%          4
 Petrify                  Tmut/Erth      61%        N/A       1%          4
 Sticky Flame             Conj/Fire      61%        2d8       1%          4
 Arcjolt                  Conj/Air       30%        1d40      1%          5
 Fireball                 Conj/Fire      30%        3d13      1%          5
 Freezing Cloud           Conj/Ice/Air   37%        6-21      1%          5
 Lee's Rapid Deconstruct  Erth           41%        3d20*     1%          5
 Lightning Bolt           Conj/Air       30%        1d47      1%          5
 Metabolic Englaciation   Hex/Ice        40%        N/A       1%          5
 Orb of Destruction       Conj           41%        9d11      1%          7
 Anguish                  Hex/Necr       28%        N/A       2%          4
 Summon Mana Viper        Hex/Summ       65%        N/A       2%          5
 Simulacrum               Ice/Necr       39%        N/A       2%          6
 Summon Lightning Spire   Summ/Air       52%        N/A       3%          4
 Summon Forest            Summ/Tloc      29%        N/A       5%          5
 Conjure Ball Lightning   Conj/Air       30%        3x3d10    5%          6
 Starburst                Conj/Fire      30%        6d9       5%          6
 Airstrike                Air            13%        2d(2-18)  8%          4
 Summon Cactus Giant      Summ           34%        N/A       8%          6
 Manifold Assault         Tloc           43%        N/A       9%          4
 Passage of Golubria      Tloc           43%        N/A       9%          4
 Agony                    Necr           52%        N/A       11%         5
 Silence                  Hex/Air        23%        N/A       17%         5
 Statue Form              Tmut/Erth      40%        N/A       21%         6
 Summon Hydra             Summ           34%        N/A       38%         7
 Death Channel            Necr           26%        N/A       50%         6
 Alistair's Intoxication  Tmut/Pois      18%        N/A       63%         5
 Blade Hands              Tmut           13%        N/A       63%         5
 Eringya's Noxious Bog    Tmut/Pois      13%        N/A       71%         6
 Dispersal                Tloc           21%        N/A       78%         6
 Malign Gateway           Summ/Tloc      29%        N/A       86%         7
 Storm Form               Tmut/Air       13%        N/A       100%        7
 Borgnjor's Revivificati  Necr           26%        N/A       100%        8
 Disjunction              Tloc           21%        N/A       100%        8
 Maxwell's Capacitive Co  Air            13%        ∞         100%        8
 Necromutation            Tmut/Necr      20%        N/A       100%        8
 Chain Lightning          Conj/Air       30%        3d40      100%        9
 Death's Door             Necr           26%        N/A       100%        9


Dungeon Overview and Level Annotations

Branches:
Dungeon (15/15)            Temple (1/1) D:7            Lair (5/5) D:8
 Shoals (4/4) Lair:2       Spider (4/4) Lair:2        Slime (5/5) Lair:4
    Orc (2/2) D:12            Elf (3/3) Orc:2        Vaults (4/5) D:14
  Crypt (0/3) Vaults:2     Depths (4/4) D:15            Zot (0/5) Depths:4
 WizLab (visited)

Altars:
Ashenzari
Cheibriados
Dithmenos
Elyvilon
Fedhas
Gozag
Hepliaklqana
Kikubaaqudgha
Makhleb
Nemelex Xobeh
Okawaru
Qazlal
Ru
Sif Muna
Trog
Uskayaw
Vehumet
Wu Jian
Xom
Yredelemnul
Zin
The Shining One
Jiyva

Shops:
D:5 (   D:8 [   D:12 [   Orc:1 *   Orc:2 ?!(   Elf:2 ?   Elf:3 !   Shoals:3 :
Vaults:4 **[

Portals:
Hell: Depths:1 Depths:2 Depths:3 Depths:4
Abyss: Depths:2 Depths:3
Pandemonium: Depths:2
Ziggurat: Depths:3

Annotations:
D:10 4 transporters
Slime:5 1 exclusion
Orc:2 exclusion: 2 doors
Elf:2 3 runed translucent doors


Innate Abilities, Weirdness & Mutations

Your dull iron-grey scales are very hard. (AC +17)
You are amphibious.
You cannot fit into any form of body armour.
You are cold-blooded and may be slowed by cold attacks.
((You are occasionally teleported next to monsters.))
You are weak. (Str -2)
You are vulnerable to cold. (rC-)
You are vulnerable to heat. (rF-)


Message History

Vehumet accepts your kill.
You feel your power returning.
The mystic blast hits your spellforged servitor!
Your spellforged servitor is heavily damaged.
Your spellforged servitor is knocked back by the mystic blast.
Your spellforged servitor slams into the stone wall!
Your spellforged servitor is heavily damaged.
The mystic blast hits the large abomination.
The large abomination is lightly damaged.
The large abomination is knocked back by the mystic blast.
You are engulfed in poison gas.
You are more poisoned.
* * * LOW HITPOINT WARNING * * *
x2 You feel extremely sick.
The satyr shoots an arrow.
The arrow hits your spellforged servitor!!!
An ancient zyme comes into view.
You feel yourself growing ill in the presence of the ancient zyme.
Your phantom mirror has recharged.
You feel better.
You are engulfed in poison gas.
You are poisoned.
* * * LOW HITPOINT WARNING * * *
You feel very sick.
The satyr shoots an arrow.
The arrow hits your spellforged servitor!!
Your spellforged servitor is destroyed!
Your spellforged servitor disappears in a puff of smoke!
You block the orange demon's attack.
You are engulfed in poison gas.
You are more poisoned.
* * * LOW HITPOINT WARNING * * *
You feel extremely sick.
The satyr shoots an arrow.
The arrow hits you!!
* * * LOW HITPOINT WARNING * * *
You block the orange demon's attack.
You feel yourself growing ill in the presence of the ancient zyme.
The swamp dragon breathes poison at you.
The blast of poison engulfs you!
You are more poisoned.
You die...

#.. #⌠.. ..# . #..# ##.
#. ..##..# #... .. #
#.c#..####### # . #
..#...°.†⌠# #.#
##.#D#.#..##.... ..
#...☼°○4x.#. .9.#§# .
#..#.#§#X##...## #§ .#
##..w##@☼#.─.#...#.##.#.
##....##☼☼#.. .#... .
....... #○### .. #. >
.#.##.. #☼ ## .. # #..
##. ○○ #. . #. °§# #. .#
°# . .#


You could see a swamp dragon (catching breath), a satyr, an orange demon, an
ancient zyme and a large abomination.

Vanquished Creatures
  the Royal Jelly (Slime:5)
  A dread lich (Abyss:4)
  2 ancient liches
  Sojobo (Vaults:4)
  2 bone dragons
  Zenata (Vaults:3)
  2 tentacled monstrosities
  Jorgrun (D:12)
  A titan (Depths:3)
  A walking frostbound tome (Depths:3)
  16 acid blobs
  2 ancient champions (WizLab)
  A deep elf master archer (Elf:3)
  9 tentacled starspawn
  A sphinx (Vaults:4)
  A storm dragon (Depths:4)
  2 tengu reavers
  2 revenants (WizLab)
  13 azure jellies
  2 frost giants
  12 rockslimes
  A deep elf sorcerer (Elf:3)
  2 fire giants
  A draconian scorcher (Depths:4)
  4 emperor scorpions
  An iron dragon (Depths:3)
  9 vault wardens
  4 ghost moths
  11 ironbound preservers
  A draconian annihilator (Depths:4)
  A deep elf elementalist (Elf:3)
  6 very ugly things
  4 stone giants
  3 broodmothers
  11 quicksilver oozes
  5 ironbound thunderhulks
  2 vampire knights (Depths:2)
  4 halazid warlocks (WizLab)
  2 black draconians (Depths:4)
  2 spark wasps
  2 deep elf demonologists (Elf:3)
  4 deep elf annihilators (Elf:3)
  A dire elephant (Vaults:2)
  An eidolon (WizLab)
  Snorg (D:10)
  2 blizzard demons
  A merfolk javelineer (Shoals:4)
  2 deep elf death magi (Elf:3)
  3 entropy weavers
  7 ettins
  3 great orbs of eyes
  2 crystal guardians (Vaults:3)
  2 deep elf high priests
  3 merfolk impalers (Shoals:4)
  4 fire dragons
  A green death (Abyss:4)
  A jiangshi (WizLab)
  2 hydras
  7 yaktaur captains
  Erolcha (D:9)
  A spriggan air mage (Depths:3)
  Fannar (Orc:1)
  A caustic shrike simulacrum (Abyss:4)
  9 vault guards
  2 rakshasas
  A hell beast (Depths:3)
  5 boulder beetles
  An ogre mage (D:15)
  A radroach (Spider:2)
  3 alligator snapping turtles
  6 ice dragons
  A peacekeeper (Vaults:3)
  2 jorogumos (Spider:3)
  2 catoblepae
  An ironbound frostheart (Vaults:3)
  9 two-headed ogres
  2 satyrs (Shoals:4)
  5 merfolk aquamancers
  7 centaur warriors
  3 dancing weapons
  A death knight (Vaults:2)
  12 death yaks
  A tengu warrior (Depths:3)
  3 deep troll earth magi
  4 orc high priests
  A vampire mage (WizLab)
  2 deep troll shamans
  3 thrashing horrors
  A fire crab (shapeshifter) (D:14)
  4 deep elf knights
  5 hell knights
  A fire crab (Lair:5)
  Nergalle (D:10)
  A pharaoh ant (Spider:4)
  An iron troll (Depths:1)
  5 shadow wraiths
  4 skeletal warriors
  A storm dragon skeleton (Depths:1)
  4 glowing orange brains
  4 sea snakes
  3 sun moths
  A flayed ghost (Depths:3)
  2 orb spiders
  7 harpies
  2 necromancers (WizLab)
  30 deep trolls
  2 steelbarb worms
  3 wizards
  7 ironbound convokers
  3 deep elf archers
  3 phantasmal warriors (WizLab)
  3 orc knights (Orc:2)
  3 deep elf zephyrmancers
  A spectral spriggan (WizLab)
  10 deep elf pyromancers
  A shining eye (Slime:5)
  10 wolf spiders
  4 manticores
  3 orc sorcerers
  2 fauns
  3 worldbinders
  11 ugly things
  2 moths of wrath
  A cyclops (D:12)
  A manticore (shapeshifter) (Vaults:2)
  A guardian serpent (Lair:5)
  An apocalypse crab (Abyss:4)
  A nameless horror (Orc:1)
  10 black mambas
  11 elephants
  8 merfolk sirens
  A smoke demon (Abyss:4)
  2 water nymphs (Shoals:4)
  7 vault sentinels
  A gargoyle (D:11)
  5 torpor snails
  12 cane toads
  3 komodo dragons
  8 demonic crawlers
  2 unseen horrors
  20 yaktaurs
  A hellion (Abyss:4)
  A kobold demonologist (D:14)
  2 tengu conjurers
  3 rime drakes
  A tormentor (Abyss:3)
  3 wind drakes
  3 ancient zymes
  A queen bee (D:12)
  7 merfolk
  11 polar bears
  4 hornets
  2 trolls
  Prince Ribbit (D:8)
  11 tarantellas
  3 meliai (D:12)
  2 raiju
  4 large abominations (Abyss:4)
  27 blink frogs
  44 slime creatures
  16 dream sheep
  13 jumping spiders
  6 flying skulls (WizLab)
  4 snapping turtles
  A spriggan zombie (WizLab)
  6 culicivoras
  7 water elementals
  3 fire bats (Lair:3)
  18 wyverns
  46 yaks
  3 ynoxinuls (Abyss:4)
  10 basilisks
  A human (shapeshifter) (Elf:2)
  6 golden eyes
  A chaos spawn (Abyss:4)
  2 fire elementals (Elf:1)
  28 redbacks
  A neqoxec (Abyss:2)
  3 steam dragons
  5 wargs
  23 water moccasins
  A floating eye (Depths:2)
  4 small abominations
  21 orc warriors
  An ice beast (D:6)
  20 hell hounds
  2 sky beasts (D:7)
  18 black bears
  12 ogres
  18 wolves
  8 centaurs
  4 kobold brigands
  14 bullfrogs
  A gnoll sergeant (D:8)
  2 scorpions
  An earth elemental (Elf:2)
  16 wights
  A hornet simulacrum (D:14)
  25 killer bees
  5 howler monkeys
  7 starcursed masses
  2 quasits (Abyss:4)
  23 orc priests
  3 hounds
  Jessica (D:3)
  3 iguanas
  30 orc wizards
  16 hell rats
  Natasha (thrice) (D:2)
  22 adders
  8 gnolls
  3 shadow imps
  3 white imps
  3 ufetubi
  A worm (D:4)
  A dart slug (D:1)
  108 orcs
  9 endoplasms
  A giant cockroach (D:4)
  13 goblins
  4 hobgoblins
  A quokka (D:1)
  3 ball pythons
  3 bats
  2 frilled lizards
  21 kobolds
  4 rats
  A bush (Shoals:3)
  A fulminant prism (Shoals:3)
  2 lurking horrors (Abyss:4)
  5 starspawn tentacles
  2 tentacles (Shoals:3)
1348 creatures vanquished.

Vanquished Creatures (collateral kills)
  A dread lich (Depths:2)
  Saint Roka (Vaults:1)
  Xtahua (Vaults:4)
  Nikola (Elf:1)
  A bone dragon (Abyss:4)
  Asterion (Elf:1)
  Mlioglotl (Spider:2)
  2 deep elf blademasters (Elf:3)
  A deep elf master archer (Elf:3)
  A titan (Depths:3)
  2 sphinxes (Depths:2)
  6 acid blobs
  6 tentacled starspawn
  A kraken (Shoals:3)
  Frances (Elf:1)
  3 tengu reavers
  A storm dragon (Depths:1)
  5 rockslimes
  A shadow dragon (Depths:4)
  2 revenants (WizLab)
  Kirke (Elf:1)
  Ilsuiw (Shoals:2)
  7 azure jellies
  3 fire giants
  Louise (Shoals:3)
  3 vault wardens
  A deep elf sorcerer (Elf:1)
  A juggernaut zombie (Depths:1)
  An emperor scorpion (Spider:4)
  2 iron dragons
  A deep elf elementalist (Elf:3)
  An orc warlord (Orc:2)
  5 quicksilver oozes
  8 ironbound preservers
  11 very ugly things
  A spectral caustic shrike (WizLab)
  7 stone giants
  A spriggan defender (Depths:3)
  2 vampire knights (Depths:2)
  2 ironbound thunderhulks (Vaults:4)
  7 deep elf demonologists
  A green draconian (Depths:4)
  A black draconian (Depths:4)
  A bunyip (Abyss:3)
  9 dire elephants
  6 deep elf annihilators
  2 yellow draconians
  Azrael (Elf:1)
  A white draconian (Depths:4)
  7 spark wasps
  5 deep elf death magi (Elf:3)
  A purple draconian (Depths:4)
  A fire dragon (Depths:3)
  7 ettins
  A green death (Depths:2)
  3 yaktaur captains
  3 blizzard demons
  4 merfolk impalers
  4 entropy weavers
  10 great orbs of eyes
  2 jiangshi
  2 deep elf high priests (Elf:3)
  2 rakshasas (Depths:1)
  8 vault guards
  4 ice dragons
  A hell beast (Depths:3)
  2 ogre magi
  2 radroaches
  An alligator snapping turtle (Shoals:3)
  2 spriggan air magi
  2 merfolk aquamancers (Shoals:4)
  A satyr (Shoals:4)
  8 ironbound frosthearts
  5 centaur warriors
  7 dancing weapons
  4 boulder beetles
  8 two-headed ogres
  3 death yaks (Lair:5)
  4 deep troll shamans
  A hell hog (Abyss:4)
  3 thrashing horrors
  4 deep troll earth magi
  7 spriggan berserkers
  A titan zombie (WizLab)
  2 tengu warriors
  An orc high priest (Orc:2)
  3 deep elf knights
  2 soul eaters
  A sun demon (Depths:2)
  2 hell knights (Depths:4)
  A wretched star (Abyss:4)
  A pharaoh ant (Spider:3)
  7 iron trolls
  A death drake (shapeshifter) (Depths:4)
  5 sea snakes
  A flayed ghost (Depths:3)
  35 deep trolls
  4 orb spiders
  3 steelbarb worms
  A tengu zombie (Depths:1)
  4 deep elf archers
  6 nameless horrors
  A wizard (Vaults:4)
  7 ironbound convokers
  11 harpies
  11 deep elf zephyrmancers
  5 phantasmal warriors (WizLab)
  A spectral wolf spider (WizLab)
  4 necromancers
  A wolf spider zombie (WizLab)
  An orc knight (Orc:1)
  28 ugly things
  A spriggan simulacrum (Abyss:4)
  3 orc sorcerers (Orc:2)
  11 deep elf pyromancers
  10 wolf spiders
  5 manticores
  6 cyclopes
  A spectral spriggan (WizLab)
  6 fauns
  A moth of wrath (shapeshifter) (D:15)
  A moth of wrath (Spider:4)
  A worldbinder (Abyss:4)
  A salamander (Depths:3)
  A frost giant skeleton (Depths:1)
  A smoke demon (Depths:2)
  9 vault sentinels
  5 merfolk sirens
  A torpor snail (Spider:4)
  A water nymph (Abyss:4)
  2 apocalypse crabs
  20 yaktaurs
  3 demonic crawlers
  3 freezing wraiths
  An efreet (Abyss:4)
  An ice devil (Depths:2)
  A hellwing (Abyss:3)
  An ancient zyme (Abyss:4)
  2 tengu conjurers
  3 spectral harpies (WizLab)
  2 harpy zombies (WizLab)
  17 merfolk
  3 hornets
  3 wind drakes
  42 slime creatures
  11 tarantellas
  A wolf spider simulacrum (D:14)
  A raiju (Abyss:4)
  4 snapping turtles
  6 large abominations
  5 flying skulls (WizLab)
  14 jumping spiders
  2 air elementals
  9 culicivoras
  A vampire (Abyss:2)
  2 ynoxinuls
  2 spriggan skeletons
  2 yaks (Lair:5)
  3 spriggans
  6 fire elementals
  14 water elementals
  A chaos spawn (Abyss:4)
  2 golden eyes
  A hog (Elf:1)
  A basilisk (D:14)
  18 redbacks
  3 wargs
  A redback simulacrum (D:15)
  A harpy simulacrum (D:14)
  A water moccasin (D:8)
  A hell hound (Elf:1)
  26 orc warriors
  8 ogres
  2 centaurs (D:12)
  2 earth elementals (Elf:1)
  3 wights (Abyss:4)
  An electric eel (Spider:4)
  2 howler monkeys (D:12)
  3 starcursed masses
  15 orc priests
  7 small abominations
  A jelly (Abyss:2)
  An iron imp (Abyss:4)
  3 orc wizards
  A boggart simulacrum (D:15)
  An ufetubus (Abyss:4)
  14 orcs
  2 endoplasms (Slime:3)
  4 starspawn tentacles
786 creatures vanquished.

Vanquished Creatures (others)
  A deep elf knight (Elf:2)
  A raiju (Abyss:4)
  A slime creature (Slime:5)
  A hell hound (Elf:1)
  A small abomination (Abyss:4)
  22 bushes
  A butterfly (Depths:1)
  90 fulminant prisms
  104 fungi
  272 plants
  46 starspawn tentacles
  2 tentacles (Shoals:3)
542 creatures vanquished.

Grand Total: 2676 creatures vanquished

Notes
Turn   | Place    | Note
-------+----------+-------------------------------------------
     0 | D:1      | themarg the Draconian Conjurer began the quest for the Orb.
     0 | D:1      | Reached XP level 1. HP: 14/14 MP: 3/3
   474 | D:1      | Reached XP level 2. HP: 19/19 MP: 0/5
   552 | D:1      | Learned a level 2 spell: Searing Ray
  1328 | D:2      | Reached XP level 3. HP: 17/26 MP: 1/7
  1542 | D:2      | Reached XP level 4. HP: 33/33 MP: 2/8
  2000 | D:2      | Noticed Natasha
  2006 | D:2      | Killed Natasha
  2007 | D:2      | Reached XP level 5. HP: 38/38 MP: 4/10
  2039 | D:2      | Noticed Natasha
  2045 | D:2      | Killed Natasha
  2078 | D:2      | Noticed Natasha
  2084 | D:2      | Killed Natasha
  2085 | D:2      | Reached skill level 5 in Conjurations
  2930 | D:3      | Noticed Jessica
  2933 | D:3      | Killed Jessica
  3002 | D:3      | Found a sacrificial altar of Ru.
  3336 | D:3      | Reached XP level 6. HP: 45/45 MP: 9/12
  3525 | D:3      | Found a faded altar of an unknown god.
  4441 | D:4      | You fall into a shaft and drop 1 floor!
  4441 | D:5      | Entered Level 5 of the Dungeon
  4531 | D:4      | Your scales start taking on a dull iron-grey colour.
  4531 | D:4      | Reached XP level 7. HP: 50/50 MP: 4/14
  5175 | D:5      | Found Vybodghon's Weapon Shop.
  5286 | D:5      | Reached skill level 5 in Spellcasting
  5591 | D:5      | Reached skill level 1 in Fighting
  5780 | D:5      | Reached skill level 1 in Translocations
  5781 | D:5      | Reached skill level 1 in Hexes
  5920 | D:5      | Reached XP level 8. HP: 59/59 MP: 11/15
  7832 | D:7      | Noticed a two-headed ogre
  7840 | D:6      | Learned a level 4 spell: Fulminant Prism
  7845 | D:6      | Learned a level 4 spell: Iskenderun's Mystic Blast
  7851 | D:6      | Learned a level 5 spell: Iskenderun's Battlesphere
  7879 | D:6      | Reached XP level 9. HP: 71/71 MP: 12/16
  7930 | D:6      | Reached skill level 1 in Earth Magic
  8127 | D:7      | Found a staircase to the Ecumenical Temple.
  8134 | Temple   | Entered the Ecumenical Temple
  8299 | Temple   | Became a worshipper of Vehumet
  8404 | D:7      | Found a shimmering blue altar of Sif Muna.
  8550 | D:7      | Killed a two-headed ogre
  8551 | D:7      | Reached skill level 10 in Conjurations
  8735 | D:7      | Reached skill level 5 in Fighting
  8847 | D:7      | Found a basalt altar of Yredelemnul.
  9348 | D:7      | Found a staircase to the Ecumenical Temple.
  9392 | D:7      | Found a shimmering blue altar of Sif Muna.
  9423 | D:7      | Found a basalt altar of Yredelemnul.
 10012 | D:8      | Reached skill level 5 in Earth Magic
 10025 | D:8      | Reached XP level 10. HP: 81/81 MP: 10/20
 10028 | D:8      | Reached * piety under Vehumet
 10028 | D:8      | Offered knowledge of Sandblast by Vehumet.
 10414 | D:8      | Found a staircase to the Lair.
 10694 | D:8      | Found Sataz's Antique Armour Shop.
 10838 | D:8      | Learned a level 6 spell: Iron Shot
 10992 | D:9      | Identified the ring "Sussy" {Drain Will+ rCorr EV+4}
 11022 | D:9      | Noticed a two-headed ogre
 11033 | D:9      | Killed a two-headed ogre
 11034 | D:9      | Reached skill level 1 in Shields
 11180 | D:9      | Noticed a two-headed ogre
 11205 | D:8      | Noticed Prince Ribbit
 11260 | D:8      | Killed Prince Ribbit
 11303 | D:8      | Killed a two-headed ogre
 11597 | D:8      | Found a staircase to the Lair.
 11701 | D:8      | Found Sataz's Antique Armour Shop.
 12047 | D:9      | Offered knowledge of Momentum Strike by Vehumet.
 12052 | D:9      | Reached ** piety under Vehumet
 12117 | D:9      | Noticed Erolcha
 12128 | D:9      | Killed Erolcha
 12129 | D:9      | Reached XP level 11. HP: 91/91 MP: 0/22
 12344 | D:10     | Entered Level 10 of the Dungeon
 12346 | D:10     | Found a transporter.
 12351 | D:10     | Found a transporter.
 12351 | D:10     | Noticed a two-headed ogre
 12355 | D:10     | Killed a two-headed ogre
 12436 | D:10     | Found a transporter.
 12617 | D:10     | Found Qyizxo's Distillery.
 12643 | D:10     | Reached skill level 5 in Shields
 12793 | D:10     | Found a transporter.
 12904 | D:10     | Reached skill level 5 in Dodging
 12966 | D:10     | Noticed Nergalle
 13076 | D:10     | Killed Nergalle
 13336 | D:10     | Found a snail-covered altar of Cheibriados.
 13363 | D:10     | Noticed a two-headed ogre
 13366 | D:10     | Found an ancient bone altar of Kikubaaqudgha.
 13375 | D:10     | Killed a two-headed ogre
 13567 | D:10     | Noticed Snorg
 13571 | D:10     | Killed Snorg
 14129 | D:11     | Noticed a boulder beetle
 14129 | D:11     | Noticed a two-headed ogre
 14134 | D:11     | Killed a two-headed ogre
 14541 | D:11     | Offered knowledge of Scorch by Vehumet.
 14542 | D:11     | Reached skill level 1 in Evocations
 14784 | Lair:1   | Entered Level 1 of the Lair of Beasts
 14852 | Lair:1   | Reached skill level 10 in Fighting
 15049 | Lair:1   | Identified the +7 sling of Wasih {vorpal, rCorr Int+4 Dex+3
                  | Stlth-}
 15053 | Lair:1   | Noticed a six-headed hydra
 15063 | Lair:1   | Killed a six-headed hydra
 15414 | Lair:1   | Reached *** piety under Vehumet
 15415 | Lair:1   | Reached XP level 12. HP: 106/106 MP: 15/24
 15826 | Lair:1   | Offered knowledge of Stone Arrow by Vehumet.
 16624 | Lair:2   | Noticed a boulder beetle
 16776 | Lair:2   | Reached skill level 5 in Evocations
 17155 | Lair:2   | Found a hole to the Spider Nest.
 17358 | Lair:2   | Killed a boulder beetle
 17558 | Lair:2   | Found a staircase to the Shoals.
 18004 | Lair:3   | Noticed a death yak
 18132 | Lair:3   | Reached **** piety under Vehumet
 18226 | Lair:3   | Identified the +3 long sword "Ineirrara" {flame, rC+ MP+9}
 18325 | Lair:3   | Found a dark tunnel.
 18382 | Lair:3   | Offered knowledge of Yara's Violent Unravelling by Vehumet.
 18389 | Lair:3   | Learned a level 5 spell: Yara's Violent Unravelling
 18395 | Lair:3   | Killed a death yak
 19451 | Lair:4   | Reached skill level 1 in Summonings
 19654 | Lair:4   | Reached XP level 13. HP: 113/113 MP: 5/26
 21108 | Lair:4   | Found a viscous altar of Jiyva.
 21109 | Lair:4   | Found a staircase to the Slime Pits.
 21753 | Lair:5   | Entered Level 5 of the Lair of Beasts
 21764 | Lair:5   | Reached ***** piety under Vehumet
 21764 | Lair:5   | Offered knowledge of Ozocubu's Refrigeration by Vehumet.
 21767 | Lair:4   | Identified 3 scrolls of acquirement
 21767 | Lair:4   | Acquired the ring of Ycacoira {Ice Int+5 Dex+6 Stlth+}
 21768 | Lair:4   | Acquired a staff of earth
 21769 | Lair:4   | Acquired 637 gold pieces
 22034 | Lair:5   | Reached skill level 10 in Spellcasting
 22034 | Lair:5   | Reached skill level 5 in Summonings
 22450 | Lair:5   | Reached skill level 10 in Evocations
 22878 | Lair:5   | Reached XP level 14. HP: 121/121 MP: 6/29
 25636 | Lair:5   | Offered knowledge of Lee's Rapid Deconstruction by Vehumet.
 25645 | Lair:5   | Learned a level 7 spell: Spellforged Servitor
 26840 | D:12     | Found Biheann's Antique Armour Boutique.
 27156 | D:12     | Found a staircase to the Orcish Mines.
 27271 | D:12     | Noticed Jorgrun
 27276 | D:12     | Killed Jorgrun
 27506 | D:12     | Reached XP level 15. HP: 126/126 MP: 31/31
 28544 | Orc:1    | Entered Level 1 of the Orcish Mines
 28680 | Orc:2    | Entered Level 2 of the Orcish Mines
 29400 | Orc:1    | Found Avoutoyze's Overcharged Wands.
 29424 | Orc:1    | Noticed Fannar
 29512 | Orc:1    | Killed Fannar
 29868 | Orc:2    | Offered knowledge of Conjure Ball Lightning by Vehumet.
 31442 | Orc:2    | Found Veqeull's Distillery.
 31518 | Orc:2    | Found Jotteror's Magic Scroll Shop.
 31522 | Orc:2    | Bought a scroll of identify for 22 gold pieces
 31522 | Orc:2    | Bought a scroll of identify for 22 gold pieces
 31522 | Orc:2    | Bought a scroll of identify for 22 gold pieces
 31522 | Orc:2    | Bought a scroll of identify for 22 gold pieces
 32251 | Orc:2    | Found Ubioguip's Weapon Shop.
 32283 | Orc:2    | Found Ituotruq's Distillery.
 32697 | Orc:2    | Found a staircase to the Elven Halls.
 32744 | Orc:2    | Reached ****** piety under Vehumet
 32972 | Orc:2    | Bought a potion of cancellation for 112 gold pieces
 32972 | Orc:2    | Bought 2 potions of curing for 84 gold pieces
 32972 | Orc:2    | Bought a potion of resistance for 140 gold pieces
 32972 | Orc:2    | Bought a potion of curing for 42 gold pieces
 32972 | Orc:2    | Bought a potion of curing for 42 gold pieces
 32972 | Orc:2    | Bought a potion of heal wounds for 70 gold pieces
 33037 | Orc:2    | Bought a scroll of enchant weapon for 82 gold pieces
 33037 | Orc:2    | Bought a scroll of brand weapon for 104 gold pieces
 34336 | D:14     | Offered knowledge of Arcjolt by Vehumet.
 34849 | D:14     | Acquired the +1 cloak "Anor" {Int+2}
 34914 | D:14     | Reached skill level 10 in Earth Magic
 35092 | D:14     | Found a gate to the Vaults.
 35540 | D:15     | Entered Level 15 of the Dungeon
 35542 | D:15     | Found a staircase to the Depths.
 35542 | D:15     | Noticed a fire giant
 35916 | D:15     | Reached skill level 5 in Hexes
 35964 | D:15     | Paralysed by something for 4 turns
 35965 | D:15     | Reached XP level 16. HP: 128/134 MP: 34/34
 36998 | Shoals:1 | Entered Level 1 of the Shoals
 37083 | Shoals:1 | Reached skill level 15 in Spellcasting
 38046 | Shoals:2 | Offered knowledge of Irradiate by Vehumet.
 38353 | Shoals:2 | Noticed Ilsuiw
 38370 | Shoals:2 | Killed Ilsuiw
 39169 | Shoals:2 | Learned a level 5 spell: Irradiate
 39792 | Shoals:3 | Noticed Louise
 39814 | Shoals:3 | Reached skill level 15 in Conjurations
 39958 | Shoals:3 | Found Huteegev's Vocational Training.
 39959 | Shoals:3 | Killed Louise
 40239 | Shoals:3 | Noticed a kraken
 40263 | Shoals:3 | Killed a kraken
 40829 | Shoals:3 | Identified the +0 animal skin of Boredom {Rampage Int+2}
 40990 | Spider:1 | Entered Level 1 of the Spider Nest
 41577 | Spider:1 | HP: 5/134 [something (12)]
 42221 | Spider:1 | Offered knowledge of Eringya's Noxious Bog by Vehumet.
 42661 | Shoals:4 | Entered Level 4 of the Shoals
 42682 | Shoals:4 | Reached XP level 17. HP: 116/141 MP: 28/37
 43598 | Shoals:4 | Got a barnacled rune of Zot
 45080 | Shoals:4 | Found the necklace of Bloodlust {*Rage Will++ Int-3 Slay+6}
 45314 | Shoals:3 | Bought a manual of Evocations for 1120 gold pieces
 46173 | Spider:2 | Offered knowledge of Lehudib's Crystal Spear by Vehumet.
 46189 | Spider:1 | Learned a level 8 spell: Lehudib's Crystal Spear
 46591 | Spider:2 | Found a frozen archway.
 46735 | Spider:2 | Noticed Mlioglotl
 46750 | Spider:2 | Killed Mlioglotl
 47179 | Spider:2 | Acquired a staff of conjuration
 49695 | Spider:4 | Entered Level 4 of the Spider Nest
 50205 | Spider:4 | Reached XP level 18. HP: 162/162 MP: 38/38
 50847 | Spider:4 | Reached skill level 15 in Fighting
 51068 | Spider:4 | Offered knowledge of Fire Storm by Vehumet.
 51068 | Spider:4 | Offered knowledge of Chain Lightning by Vehumet.
 51068 | Spider:4 | Offered knowledge of Maxwell's Capacitive Coupling by
                  | Vehumet.
 51359 | Spider:4 | Reached skill level 10 in Shields
 52122 | Spider:4 | Identified the +10 dagger of Zasuomo {vorpal, +Blink rF-
                  | Str+2 Int+3}
 52223 | Spider:4 | Found the +3 pair of mountain boots {steadfast, rC+}
 52251 | Spider:4 | Got a gossamer rune of Zot
 52563 | Depths:1 | Entered Level 1 of the Depths
 52799 | Depths:1 | Reached skill level 15 in Evocations
 53072 | Vaults:1 | Entered Level 1 of the Vaults
 53079 | Vaults:1 | Noticed Saint Roka
 53090 | Vaults:1 | Killed Saint Roka
 55101 | Vaults:1 | Identified the +6 war axe of Simmionid {flame, rPois Int-2
                  | Dex+4}
 55244 | Vaults:1 | Upgraded the game from 0.30-a0-373-gd37427bb62 to
                  | 0.30-a0-374-g95c0257040
 55319 | Vaults:2 | Reached skill level 1 in Ice Magic
 55476 | Vaults:2 | Reached skill level 2 in Ice Magic
 55723 | Vaults:2 | Found a staircase to the Crypt.
 55729 | Vaults:2 | Reached skill level 3 in Ice Magic
 55729 | Vaults:2 | Reached XP level 19. HP: 170/170 MP: 10/39
 56210 | Vaults:2 | Reached skill level 4 in Ice Magic
 56537 | Vaults:2 | Reached skill level 5 in Ice Magic
 56555 | Vaults:2 | Gained mutation: You are vulnerable to cold. (rC-) [you]
 56648 | Vaults:2 | Reached skill level 6 in Ice Magic
 57222 | Vaults:2 | Reached skill level 7 in Ice Magic
 57618 | Vaults:3 | Noticed Zenata
 57695 | Vaults:3 | Reached skill level 8 in Ice Magic
 57979 | Vaults:3 | Reached skill level 9 in Ice Magic
 58152 | Vaults:3 | Noticed an ancient lich
 58388 | Vaults:3 | Reached skill level 10 in Ice Magic
 59267 | Vaults:3 | Killed an ancient lich
 59268 | Vaults:3 | Reached skill level 11 in Ice Magic
 59794 | Vaults:3 | Killed Zenata
 60033 | Vaults:3 | Reached skill level 12 in Ice Magic
 60590 | Vaults:4 | Reached XP level 20. HP: 160/178 MP: 39/41
 60670 | Vaults:4 | Noticed Xtahua
 60676 | Vaults:4 | Killed Xtahua
 60680 | Vaults:4 | Reached skill level 13 in Ice Magic
 61187 | Vaults:4 | Reached skill level 14 in Ice Magic
 61772 | Vaults:4 | Noticed Sojobo
 61785 | Vaults:4 | Killed Sojobo
 62332 | Vaults:4 | Found Bosujab's General Store.
 62332 | Vaults:4 | Found Ullog Pef's Antique Armour Boutique.
 62368 | Vaults:4 | Found Nizoamy's Assorted Antiques.
 62374 | Vaults:4 | Bought 3 scrolls of teleportation for 279 gold pieces
 62374 | Vaults:4 | Bought a scroll of teleportation for 93 gold pieces
 63104 | Vaults:4 | Reached skill level 15 in Ice Magic
 64248 | Depths:1 | Found a white marble altar of Elyvilon.
 65055 | Depths:1 | Found a gateway to Hell.
 65708 | Depths:2 | Paralysed by something for 2 turns
 65710 | Depths:2 | Noticed a dread lich
 65882 | Depths:2 | Reached XP level 21. HP: 184/184 MP: 43/43
 65898 | Depths:2 | Reached skill level 16 in Ice Magic
 66239 | Depths:2 | Acquired 922 gold pieces
 66555 | Depths:2 | Found a one-way gate to the infinite horrors of the Abyss.
 66727 | Depths:2 | Found a sparkling altar of Nemelex Xobeh.
 66981 | Abyss:2  | Cast into level 2 of the Abyss (a deep elf demonologist)
 67385 | Depths:2 | Escaped the Abyss
 67716 | Depths:2 | Identified the +11 chain mail of the Komodo Dragon {Int+6
                  | Dex+3}
 67779 | Depths:2 | Found a one-way gate leading to the halls of Pandemonium.
 68182 | Depths:2 | Killed a dread lich
 68528 | Depths:3 | Reached skill level 17 in Ice Magic
 69751 | Depths:3 | Found a one-way gateway to a ziggurat.
 69751 | Depths:3 | Noticed an ancient lich
 71403 | Depths:3 | Killed an ancient lich
 71468 | Depths:4 | Entered Level 4 of the Depths
 71471 | Depths:4 | Reached XP level 22. HP: 192/192 MP: 40/45
 71534 | Depths:4 | Reached skill level 10 in Summonings
 72716 | Depths:4 | Found a gate to the Realm of Zot.
 73273 | Elf:1    | Entered Level 1 of the Elven Halls
 73286 | Elf:1    | Reached skill level 18 in Ice Magic
 73420 | Elf:1    | Found a magical portal.
 73425 | WizLab   | Entered Borgnjor's Mausoleum
 73589 | WizLab   | Learned a level 4 spell: Dispel Undead
 73599 | WizLab   | Learned a level 9 spell: Polar Vortex
 73638 | WizLab   | Reached skill level 1 in Necromancy
 74620 | WizLab   | Reached skill level 19 in Ice Magic
 74620 | WizLab   | Reached XP level 23. HP: 198/198 MP: 47/47
 74897 | Elf:1    | Paralysed by an air elemental for 1 turns
 74904 | Elf:1    | Noticed Frances
 74918 | Elf:1    | Killed Frances
 74932 | Elf:1    | Identified the +6 kite shield "Mukhlef" {rElec Will+}
 74932 | Elf:1    | Noticed Asterion
 74941 | Elf:1    | Killed Asterion
 75329 | Elf:1    | Got the Verses on Concussion
 75372 | Elf:1    | Found the +9 staff of Wucad Mu {*channel}
 75419 | Elf:1    | Reached skill level 5 in Necromancy
 75422 | Elf:1    | Noticed Azrael
 75431 | Elf:1    | Killed Azrael
 75705 | Elf:1    | Found an ancient bone altar of Kikubaaqudgha.
 75800 | Elf:1    | Noticed Nikola
 75811 | Elf:1    | Killed Nikola
 75885 | Elf:1    | Noticed Kirke
 75889 | Elf:1    | Killed Kirke
 76603 | Elf:2    | Found a runed translucent gate.
 76604 | Elf:2    | Found a runed translucent gate.
 76604 | Elf:2    | Found a runed translucent gate.
 76619 | Elf:2    | Found Ecvupaco's Magic Scroll Shop.
 76971 | Elf:3    | Entered Level 3 of the Elven Halls
 77457 | Elf:3    | Reached skill level 20 in Ice Magic
 78009 | Elf:3    | Reached XP level 24. HP: 206/206 MP: 28/47
 78103 | Elf:3    | Identified the +5 great sword of Ricaruq {vorpal, *Noise
                  | rPois Dex+9 SInv}
 78148 | Elf:3    | Got Axofutif's Catalogue of Peregrination and Dark Rituals
 78155 | Elf:3    | Got the Encyclopedia of Blight and Bewitchment
 78159 | Elf:3    | Got Qeumexuf's Anthology of Transposed Battle Magic
 78172 | Elf:3    | Got the Papyrus of Shivering Curses
 78186 | Elf:3    | Got Riddurab's Vellum of Profane Secrets and the Jaunt
 78240 | Elf:3    | Identified the +8 mace of Poan {drain, Will+ SInv}
 78424 | Elf:3    | Found Buff's Distillery.
 78552 | Elf:3    | Identified the +4 cloak of Dawn {+Inv Fly Int+3}
 79100 | Elf:2    | Bought a scroll of teleportation for 33 gold pieces
 79100 | Elf:2    | Bought a scroll of fog for 44 gold pieces
 79100 | Elf:2    | Bought a scroll of teleportation for 33 gold pieces
 79100 | Elf:2    | Bought a scroll of fear for 44 gold pieces
 79163 | Elf:3    | Bought a potion of mutation for 104 gold pieces
 79163 | Elf:3    | Bought a potion of heal wounds for 65 gold pieces
 79163 | Elf:3    | Bought 2 potions of curing for 78 gold pieces
 79163 | Elf:3    | Bought a potion of invisibility for 104 gold pieces
 79163 | Elf:3    | Bought a potion of heal wounds for 65 gold pieces
 80039 | Slime:1  | Entered Level 1 of the Pits of Slime
 80621 | Slime:5  | Entered Level 5 of the Pits of Slime
 81225 | Slime:5  | Noticed the Royal Jelly
 82229 | Slime:5  | Killed the Royal Jelly
 83025 | Slime:5  | Found the +8 demon trident "Rift" {distort, reach+}
 83050 | Slime:5  | Got a slimy rune of Zot
 83073 | Slime:5  | Identified the ring of the Greedy {rElec SInv}
 83480 | Depths:2 | Voluntarily entered the Abyss.
 83480 | Abyss:4  | Noticed a dread lich
 83492 | Abyss:4  | Killed a dread lich
 83629 | Abyss:4  | Found a corrupted altar of Lugonu.
 83690 | Abyss:4  | Paralysed by accursed screaming for 1 turns
 83703 | Abyss:4  | Found a corrupted altar of Lugonu.
 84017 | Abyss:4  | Found a corrupted altar of Lugonu.
 84073 | Abyss:4  | Gained mutation: You are vulnerable to heat. (rF-) [a
                  | cacodemon]
 84081 | Abyss:4  | Gained mutation: You are weak. (Str -2) [a cacodemon]
 84084 | Abyss:4  | Found a corrupted altar of Lugonu.
 84247 | Depths:2 | Escaped the Abyss
 84811 | Depths:2 | Found a sparkling altar of Nemelex Xobeh.
 85356 | Depths:2 | Found a one-way gate leading to the halls of Pandemonium.
 85424 | Depths:3 | Voluntarily entered the Abyss.
 85519 | Abyss:4  | Reached skill level 21 in Ice Magic
 85538 | Abyss:4  | Gained mutation: You are occasionally teleported next to
                  | monsters. [you]
 85539 | Abyss:4  | Reached skill level 15 in Earth Magic
 85553 | Abyss:4  | HP: 7/206 [satyr/arrow (22)]
 85553 | Abyss:4  | Killed from afar by a swamp dragon

Illustrated notes

Levels and vault maps discovered:
D:1:      psy_arrival_conway, layout_loops_corners
D:2:      layout_basic, serial_park_tiny_2, uniq_natasha
D:3:      layout_basic, mainiacjoe_overflow_brackets,
          hellmonk_ecumenical_altar_inner_sanctum, grunt_decor_cap,
          nicolae_concentric_dashed_squares_wild, minivault_23, uniq_jessica
D:4:      layout_basic, minmay_close_crescents
D:5:      layout_basic, serial_shops, nicolae_shop_hallway_stairs, st_stairs_12,
          dreamdust_mushroom_princess
D:6:      layout_loops_ring, dk_rats_in_the_wall
D:7:      layout_cave_pools, nicolae_overflow_crystal_walls,
          mainiacjoe_overflow_six_doors_small, temple_doors_e
D:8:      layout_basic, due_lair_maze_entry_diamond, serial_shops, shop,
          uniq_prince_ribbit1
D:9:      layout_big_octagon, uniq_erolcha
D:10:     layout_stronghold, mainiacjoe_overflow_catwalk_spiral, serial_shops,
          nicolae_shop_trees, nicolae_transporter_circle, uniq_snorg,
          uniq_nergalle
D:11:     layout_roguey
D:12:     layout_layer_cave, david_orc_1_choice, special_room
          [special_room_bee], serial_shops, shop, wad_floor_pattern_untrapped,
          uniq_jorgrun
D:13:     layout_cave_pods
D:14:     layout_long_grid, erik_vaults_2
D:15:     grunt_enter_depths_giant_problem, layout_loops_cross,
          serial_bayou_shore_a
Temple:   minmay_crystal_spiral_temple
Lair:1:   layout_small_grid, minmay_shattered_shrine, grunt_megastairs_5
Lair:2:   layout_chaotic_city, minmay_shoals_entry_lonely_mermaid,
          spider_nest_entry_web_field, lemuel_fruit_tree
Lair:3:   layout_long_grid, nicolae_volcano_entry_batcave
Lair:4:   minmay_lair_venomous_thicket, layout_cave_pods,
          dpeg_slime_entry_enclosed
Lair:5:   hangedman_lair_caniforms_friends, layout_long_grid,
          hangedman_lair_tendril_chambers
Shoals:1: layout_shoals, abandoned_shop, nicolae_shoals_seven_spires
Shoals:2: layout_shoals, uniq_ilsuiw
Shoals:3: argonaut_golden_fleece, layout_shoals, nicolae_shop_vocational,
          uniq_louise
Shoals:4: shoals_end_hangedman, layout_shoals
Spider:1: layout_spider_delve, drop_trap, guppyfry_spider_mini_2
Spider:2: layout_chambers, portal_ice_cave_entry_pillars_1, uniq_mlioglotl
Spider:3: layout_spider_delve, nicolae_spider_wall_of_niches
Spider:4: guppyfry_spider_rune
Slime:1:  layout_caves
Slime:2:  layout_caves
Slime:3:  layout_caves, nicolae_slime_welcoming_committee
Slime:4:  layout_caves, nicolae_slime_round_cave
Slime:5
Orc:1:    layout_diamond_mine, basic_altar, nicolae_shop_overcharged_wands,
          uniq_fannar
Orc:2:    pubby_orc_utopia
Elf:1:    eino_elf_arrival_shootout, layout_gridlike, mu_enter_wizlab_1,
          basic_altar, minmay_elf_annihilation, st_stairs_12,
          grunt_megastairs_4, uniq_asterion, uniq_nikola, uniq_kirke,
          uniq_azrael, uniq_frances
Elf:2:    nicolae_elf_blades_crystal_corner, layout_rooms, serial_shops, shop,
          guppyfry_elf_altar
Elf:3:    grunt_elf_hall_spiral, layout_gridlike, serial_shops,
          nicolae_shop_stone
Vaults:1: ontoclasm_vaults_chip, vaults_dpeg_emergency_exit,
          nicolae_vaults_network_square, nicolae_vaults_specimen_jars,
          v_misc_30, hangedman_vaults_trim, v_misc_19, ontoclasm_vaults_fault,
          hangedman_vaults_impose, layout_vaults_quadrants, uniq_saint_roka
Vaults:2: v_alt_pattern_6, vaults_room_semicircle, hangedman_vaults_nodes,
          v_misc_18, ontoclasm_vaults_twist, minmay_crypt_entry_simple_plaza,
          v_misc_12, nicolae_vaults_big_ls, st_star, vaults_mumra_chevron,
          layout_vaults_big_room
Vaults:3: nicolae_vaults_network_s, v_misc_12, hangedman_vaults_slice,
          v_rooms_1, vaults_mumra_hexcomb, nicolae_vaults_network_barrier,
          vaults_dpeg_spiral, vaults_room_guarded_vault,
          grunt_vaults_hallway_short, vaults_room_stairs_pillars,
          layout_vaults_omnibox, uniq_zenata
Vaults:4: vaults_room_boxed, ontoclasm_vaults_shuriken,
          nicolae_vaults_angled_halls, vaults_mumra_hex, v_pattern_2,
          vaults_dpeg_cross, hangedman_vaults_trim,
          hangedman_vaults_hard_town_square, v_misc_24,
          nicolae_vaults_little_ls, v_misc_13, v_alt_pattern_1,
          vaults_room_ringed_pool, nicolae_vaults_little_squares_3,
          vaults_room_door_ring, nicolae_vaults_asterisk, layout_vaults_ring,
          uniq_xtahua, uniq_sojobo
Depths:1: layout_gridville, hangedman_coc_ice_floe, minmay_tree_intersection,
          nicolae_elyvilon_peaceful_grove, grunt_megastairs_1,
          serial_bayou_shore_b
Depths:2: hellmonk_paralyzer, layout_basic, hangedman_geh_valley,
          lemuel_coloured_pillars_altar, nicolae_abyss_entry_one_way_or_another,
          rand_demon_pan_entry_9, kennysheep_random_hallway
Depths:3: evilmike_marble_ring, layout_basic, enter_ziggurat_d,
          hangedman_abyss_entry_splay, skrybe_limestone_x, grunt_mini_vestibule
Depths:4: grunt_zot_entry_gee_three, layout_cave_pools, hell_entry,
          serial_bayou_shore_b
Abyss:4:  base: D:11, base: Slime:2, guppyfry_abyss_exit_glass_guarded,
          hangedman_abyss_batty_box, hangedman_decor_riveting,
          evilmike_abyss_rune_ettins, evilmike_abyss_rune_ettins,
          grunt_abyss_rune_forest_and_sorcery, base: Slime:2,
          serial_sigils_hangedman_quiver, minivault_25, minivault_25,
          nicolae_abyss_rune_left_handed

Skill      XL: |  1  2  3  4  5  6  7  8  9 10 11 12 13 14 15 16 17 18 19 20 21 22 23 24 |
---------------+-------------------------------------------------------------------------+-----
Stealth        | 2 3 |  3.0
Spellcasting   | 3 4 5 7 8 9 11 12 14 16 17 18 19 20 | 20.0
Conjurations   | 5 6 7 9 10 12 13 14 15 | 15.0
Fighting       | 1 3 5 6 10 14 15 | 15.0
Translocations | 1 3 |  3.0
Hexes          | 1 3 5 7 |  7.6
Earth Magic    | 5 7 8 10 12 15 | 15.0
Dodging        | 4 5 6 |  6.5
Shields        | 4 6 7 8 13 | 13.0
Evocations     | 3 6 10 12 13 15 16 17 | 17.9
Summonings     | 1 5 6 7 9 10 | 10.0
Ice Magic      | 3 12 15 17 19 20 21 | 21.0
Necromancy     | 4 5 |  5.0

Action                   |  1- 3 |  4- 6 |  7- 9 | 10-12 | 13-15 | 16-18 | 19-21 | 22-24 || total
-------------------------+-------+-------+-------+-------+-------+-------+-------+-------++-------
Melee: Unarmed           |     4 |       |       |       |       |       |       |       ||     4
       Dagger            |    13 |     8 |    25 |       |       |       |       |       ||    46
       Tailslap          |     2 |     3 |     7 |    15 |    16 |    47 |    54 |    26 ||   170
       Hand axe          |       |       |    31 |    82 |       |       |       |       ||   113
       Punch             |       |       |     1 |       |       |       |       |       ||     1
       Whip              |       |       |       |     4 |       |       |       |       ||     4
       Long sword        |       |       |       |     6 |    78 |   123 |   210 |    28 ||   445
       Staff             |       |       |       |       |     1 |    41 |     7 |    70 ||   119
Throw: Dart              |       |       |     5 |    15 |       |     1 |       |     3 ||    24
 Cast: Magic Dart        |    43 |    41 |    39 |   112 |   384 |   134 |    68 |    42 ||   863
       Searing Ray       |     3 |    38 |    61 |    49 |    79 |   109 |    72 |     8 ||   419
       Iskenderun's Myst |       |       |     9 |    27 |    55 |    55 |    41 |    44 ||   231
       Iskenderun's Batt |       |       |     2 |    55 |   121 |    95 |    62 |    12 ||   347
       Fulminant Prism   |       |       |     2 |    11 |    25 |    15 |    22 |    16 ||    91
       Iron Shot         |       |       |       |    54 |   123 |   229 |   214 |   309 ||   929
       Spellforged Servi |       |       |       |       |    67 |   136 |   154 |   134 ||   491
       Yara's Violent Un |       |       |       |       |     2 |    12 |    45 |    78 ||   137
       Irradiate         |       |       |       |       |       |     6 |     6 |    11 ||    23
       Dispel Undead     |       |       |       |       |       |       |       |    28 ||    28
       Polar Vortex      |       |       |       |       |       |       |       |     8 ||     8
       Lehudib's Crystal |       |       |       |       |       |       |       |     6 ||     6
Evoke: Wand              |       |       |     1 |     3 |     3 |     6 |     2 |     2 ||    17
       Condenser vane    |       |       |       |     1 |       |     2 |     5 |     1 ||     9
       Phantom mirror    |       |       |       |       |       |     2 |     5 |     2 ||     9
       Lightning rod     |       |       |       |       |       |    10 |     6 |     4 ||    20
       Phial of floods   |       |       |       |       |       |       |     7 |     3 ||    10
       Box of beasts     |       |       |       |       |       |       |       |     2 ||     2
  Use: Scroll            |       |     6 |     2 |     4 |    23 |    17 |    12 |     5 ||    69
       Potion            |       |       |     1 |     2 |     1 |    18 |     3 |     7 ||    32
 Stab: Distracted        |       |       |       |       |     1 |       |     2 |     2 ||     5
Armor: Skin              |     5 |     9 |   109 |    73 |   158 |   362 |   358 |   281 ||  1355
Dodge: Dodged            |    11 |    19 |    84 |   105 |   168 |   265 |   280 |   333 ||  1265
Block: Buckler           |       |       |       |    24 |     3 |       |       |       ||    27
       Kite shield       |       |       |       |       |   119 |   356 |   431 |   476 ||  1382
       Reflection        |       |       |       |       |       |     9 |       |       ||     9

Table legend: (Time is in decaauts)
 A = Elapsed time spent in this place.
 B = Non-inter-level travel time spent in this place.
 C = Inter-level travel time spent in this place.
 D = Time resting spent in this place.
 E = Time spent auto-exploring this place.
 F = Levels seen in this place.
 G = Mean time per level.
                   A        B        C        D        E       F      G
               +--------+--------+--------+--------+--------+-----+--------+
         Total |  86016 |  80753 |   5263 |  26442 |  37406 |  53 | 1622.9 |
       Dungeon |  21517 |  19801 |   1716 |   3344 |  13915 |  15 | 1434.5 |
        Temple |    213 |    129 |     84 |      0 |    111 |   1 |  213.0 |
          Lair |  12251 |  11396 |    855 |   2281 |   7520 |   5 | 2450.2 |
        Shoals |   6819 |   6366 |    453 |   3157 |   1854 |   4 | 1704.8 |
   Spider Nest |   8293 |   8008 |    285 |   3275 |   2952 |   4 | 2073.2 |
    Slime Pits |   3116 |   3093 |     23 |   1874 |     72 |   5 |  623.2 |
  Orcish Mines |   4792 |   4370 |    422 |   1328 |   2192 |   2 | 2396.0 |
   Elven Halls |   4785 |   4375 |    410 |   1080 |   2048 |   3 | 1595.0 |
        Vaults |  10877 |  10387 |    490 |   5072 |   2616 |   4 | 2719.2 |
        Depths |  10622 |  10100 |    522 |   4029 |   3928 |   4 | 2655.5 |
         Abyss |   1351 |   1351 |      0 |    415 |      0 |   5 |  270.2 |
        Wizlab |   1375 |   1375 |      0 |    586 |    198 |   1 | 1375.0 |
               +--------+--------+--------+--------+--------+-----+--------+

Top non-repeatable levels by time:
  Lair:5: 3864 daAuts
   Orc:2: 3792 daAuts
Depths:2: 3662 daAuts
Vaults:3: 3220 daAuts
Vaults:2: 3092 daAuts
Depths:3: 3086 daAuts
  Lair:4: 2903 daAuts
Depths:1: 2730 daAuts
Spider:1: 2418 daAuts
Vaults:4: 2401 daAuts
   Elf:3: 2248 daAuts
Shoals:4: 2169 daAuts
Vaults:1: 2162 daAuts
    D:12: 2155 daAuts
Spider:2: 2098 daAuts
